 Dungeon Crawl Stone Soup version 0.23.2-1-ga50397a (webtiles) character file.

Game seed: 3495035405249646077

315 sankara the Digger (level 6, -2/35 HPs)
             Began as a Gargoyle Earth Elementalist on May 29, 2019.
             Was a Follower of Okawaru.
             Slain by Blork the orc
             ... wielding a +0 glaive
              (5 damage)
             ... on level 4 of the Dungeon on May 30, 2019.
             The game lasted 00:14:29 (2730 turns).

sankara the Digger (Gargoyle Earth Elementalist)    Turns: 2730, Time: 00:14:29

Health: -2/35      AC: 16    Str: 12    XL:     6   Next: 43%
Magic:  10/10      EV:  3    Int: 19    God:    Okawaru [*.....]
Gold:   122        SH:  9    Dex:  5    Spells: 5/11 levels left

rFire    + . .     SeeInvis .   a - +3 short sword (speed)
rCold    + . .     Gourm    .   p - +2 shield
rNeg     + . .     Faith    .   n - +3 chain mail
rPois    ∞         Spirit   .   (no helmet)
rElec    +         Reflect  .   (no cloak)
rCorr    +         Harm     .   (no gloves)
MR       .....                  (no boots)
Stlth    ..........             (no amulet)
HPRegen  0.11/turn              q - +2 ring of intelligence
MPRegen  0.12/turn              v - -5 ring of dexterity (curse)

@: resistant
A: negative energy resistance 1, electricity resistance, unbreathing,
petrification resistance, rot immunity, AC +4
a: Heroism, Renounce Religion


You were on level 4 of the Dungeon.
You worshipped Okawaru.
Okawaru was aware of your devotion.
You were not hungry.

You visited 1 branch of the dungeon, and saw 4 of its levels.

You collected 122 gold pieces.

Inventory:

Hand Weapons
 a - a +3 short sword of speed (weapon)
   (You took it off a kobold on level 1 of the Dungeon)
 b - a +0 dagger
   (You took it off a goblin on level 1 of the Dungeon)
 m - a +0 whip
   (You found it on level 2 of the Dungeon)
 s - a +1 vampiric spear
   (You found it on level 2 of the Dungeon)
 y - a cursed -1 long sword
   (You found it on level 3 of the Dungeon)
Missiles
 e - 89 stones (quivered)
Armour
 c - a +0 robe
 n - a +3 chain mail (worn)
   (You found it on level 2 of the Dungeon)
 p - a +2 shield (worn)
   (You found it on level 2 of the Dungeon)
Jewellery
 q - a +2 ring of intelligence (left hand)
   (You found it on level 2 of the Dungeon)
 v - a cursed -5 ring of dexterity (right hand)
   (You found it on level 3 of the Dungeon)
Wands
 u - a wand of clouds (5)
   (You took it off Ijyb on level 3 of the Dungeon)
Scrolls
 g - 2 scrolls of identify
 j - a scroll of amnesia
 r - a scroll of magic mapping {!r}
Potions
 i - a potion of curing
 l - a potion of haste {unknown}
 o - a potion of invisibility {unknown}
 w - a potion of resistance
 z - a potion of magic {unknown}
 A - a potion of flight {unknown}
 B - a potion of agility
Comestibles
 d - 6 rations
 k - 4 chunks of flesh {@w0}


   Skills:
 + Level 1.9 Fighting
 + Level 1.4 Short Blades
 + Level 1.8 Armour
 - Level 1.6 Dodging
 + Level 3.7 Stealth
 + Level 1.8 Shields
 + Level 3.2 Spellcasting
 - Level 0.7 Transmutations
 + Level 4.9 Earth Magic


You had 5 spell levels left.
You knew the following spells:

 Your Spells              Type           Power        Failure   Level  Hunger
a - Sandblast             Erth           ###...       99%         1    None
b - Passwall              Tmut/Erth      ##......     100%        2    ##.....
c - Stone Arrow           Conj/Erth      ##....       100%        3    ###....

Your spell library contained the following spells:

 Spells                   Type           Power        Failure   Level  Hunger
 Petrify                  Tmut/Erth      ##......     100%        4    ####...
 Lee's Rapid Deconstruct  Erth           ###.......   100%        5    ######.


Dungeon Overview and Level Annotations

Branches:
Dungeon (4/15)
 Temple: D:4-7

Altars:
Cheibriados
Okawaru
The Shining One

Annotations:
D:4 Blork the orc


Innate Abilities, Weirdness & Mutations

You are resistant to torment.
Your stone body is resilient. (AC +4)
You are immune to poison.
You resist negative energy. (rN+)
You are resistant to electric shocks. (rElec)
You can survive without breathing.
You are immune to petrification.
You are immune to rotting.


Message History

A jackal comes into view.
The jackal barks!
A jackal comes into view.
An adder skeleton comes into view.
The jackal moves out of view.
A jackal comes into view.
The jackal barks! x2
You block the jackal's attack.
The jackal bites you but does no damage.
You closely miss the jackal. You block the jackal's attack.
The jackal bites you but does no damage.
Your magical contamination has completely faded away.
You hit the adder skeleton.
The adder skeleton is heavily damaged.
The jackal bites you but does no damage.
You block the adder skeleton's attack.
The jackal bites you but does no damage.
You hit the adder skeleton.
The adder skeleton is severely damaged.
You block the jackal's attack. The jackal bites you.
The adder skeleton bites you but does no damage.
You block the jackal's attack. You block the jackal's attack.
You hit the jackal.
You kill the jackal!
Okawaru accepts your kill.
You closely miss the jackal. You block the jackal's attack.
Your shield and chain mail prevent you from hitting the jackal.
The jackal bites you but does no damage.
You barely miss the jackal. The jackal bites you.
You closely miss the jackal.
The jackal bites you but does no damage.
You closely miss the jackal.
The jackal bites you but does no damage.
You hit the jackal.
You kill the jackal!
Okawaru accepts your kill.
The jackal bites you but does no damage.
You closely miss the jackal.
The jackal bites you but does no damage.
You hit the jackal.
The jackal is almost dead.
The jackal bites you but does no damage.
You hit the jackal.
You kill the jackal!
Okawaru accepts your kill.
You hit the adder skeleton.
The adder skeleton is almost destroyed.
You block the adder skeleton's attack.
You hit the adder skeleton.
You destroy the adder skeleton!
Okawaru accepts your kill.
Things that are here:
a jackal corpse x2
Things that are here:
a jackal corpse x2
You butcher the jackal corpse.
k - 2 chunks of flesh {@w0} (gained 1)
Things that are here:
a jackal skeleton; a jackal corpse You butcher the jackal corpse.
k - 4 chunks of flesh {@w0} (gained 2)
Things that are here:
a jackal skeleton x2
There isn't anything to butcher here.
You now have 109 gold pieces (gained 6).
Found a stone staircase leading down.
You now have 122 gold pieces (gained 13).
Marking area around Blork the orc as unsafe for travelling.
Blork the orc comes into view.
He is wielding a +0 glaive.
Blork the orc casts a spell at you. The magic dart hits you!
Blork the orc casts a spell.
Blork the orc seems to speed up.
Blork the orc hits you from afar with a +0 glaive.
Blork the orc barely misses you.
Cast which spell? (? or * to list) It is impossible to cast this spell (100% risk of failure)!
Unknown command.
It was a potion of resistance.
You feel protected.
Blork the orc hits you from afar with a +0 glaive!
Blork the orc miscasts a cantrip.
You closely miss Blork the orc.
Blork the orc hits you with a +0 glaive.
* * * LOW HITPOINT WARNING * * *
You hit Blork the orc.
Blork the orc is lightly wounded.
You block Blork the orc's attack.
You hit Blork the orc.
Blork the orc is moderately wounded.
Blork the orc screams, "I'll crush all your ribs!
One by one!"
Blork the orc hits you with a +0 glaive.
* * * LOW HITPOINT WARNING * * *
You hit Blork the orc but do no damage.
Blork the orc is moderately wounded.
Blork the orc hits you but does no damage.
You hit Blork the orc.
Blork the orc is moderately wounded.
Blork the orc hits you with a +0 glaive.
You die...

#..# #<# #..# #.#
#..# #÷#
#####..###.#
...........###.#.
###.............
#...#######.##
###########.#.#
......o@...>..#
###########.#.#
#.#.# .....
####.## ..# #


You could see Blork the orc.

Vanquished Creatures
  Sigmund (D:3)
  Ijyb (D:3)
  7 adders
  An ooze (D:2)
  An adder skeleton (D:4)
  2 worms (D:3)
  2 leopard geckos
  An orc (D:3)
  4 giant cockroaches
  10 goblins
  4 hobgoblins
  6 jackals
  3 quokkas
  8 bats
  2 frilled lizards (D:1)
  4 kobolds
  3 rats
60 creatures vanquished.

Notes
Turn   | Place    | Note
-------+----------+-------------------------------------------
     0 | D:1      | sankara the Gargoyle Earth Elementalist began the quest for
                  | the Orb.
     0 | D:1      | Reached XP level 1. HP: 10/10 MP: 3/3
   190 | D:1      | Reached XP level 2. HP: 14/15 MP: 0/5
   286 | D:1      | Reached skill level 4 in Earth Magic
  1108 | D:2      | Reached XP level 3. HP: 19/19 MP: 4/6
  1197 | D:2      | Learned a level 2 spell: Passwall
  1201 | D:2      | Learned a level 3 spell: Stone Arrow
  1284 | D:2      | Reached skill level 3 in Stealth
  1333 | D:2      | Found an iron altar of Okawaru.
  1338 | D:2      | Became a worshipper of Warmaster Okawaru
  1449 | D:2      | Reached XP level 4. HP: 21/24 MP: 8/8
  1711 | D:3      | Noticed Ijyb
  1735 | D:3      | Killed Ijyb
  1735 | D:3      | Reached skill level 1 in Fighting
  1738 | D:3      | Found a snail-covered altar of Cheibriados.
  1763 | D:3      | Noticed Sigmund
  1790 | D:2      | Reached skill level 1 in Shields
  1790 | D:2      | Reached XP level 5. HP: 22/29 MP: 9/9
  1984 | D:3      | Killed Sigmund
  1984 | D:3      | Reached * piety under Okawaru
  1984 | D:3      | Reached skill level 1 in Short Blades
  1984 | D:3      | Reached skill level 1 in Armour
  1984 | D:3      | Reached skill level 3 in Spellcasting
  1984 | D:3      | Reached XP level 6. HP: 35/35 MP: 10/10
  2403 | D:3      | Found a faded altar of an unknown god.
  2587 | D:3      | Found a glowing golden altar of the Shining One.
  2720 | D:4      | Noticed Blork the orc
  2726 | D:4      | HP: 8/35 [Blork the orc/+0 glaive (6)]
  2728 | D:4      | HP: 3/35 [Blork the orc/+0 glaive (5)]
  2730 | D:4      | Slain by Blork the orc

Skill      XL: |  1  2  3  4  5 |
---------------+----------------+-----
Earth Magic    | 4 |  4.9
Stealth        | 3 |  3.7
Fighting       | 1 |  1.9
Shields        | 1 |  1.8
Short Blades   | 1 |  1.4
Armour         | 1 |  1.8
Spellcasting   | 3 |  3.2
Dodging        | |  1.6
Transmutations | |  0.7

Action                   |  1- 3 |  4- 6 || total
-------------------------+-------+-------++-------
Melee: Dagger            |    41 |       ||    41
       Short sword       |    32 |   173 ||   205
 Cast: Sandblast         |    19 |       ||    19
Evoke: Wand              |       |     1 ||     1
  Use: Scroll            |       |     7 ||     7
       Potion            |       |     1 ||     1
 Stab: Sleeping          |     6 |       ||     6
       Confused          |       |     2 ||     2
  Eat: Chunk             |     2 |     4 ||     6
Armor: Robe              |    28 |       ||    28
       Chain mail        |     7 |    94 ||   101
Dodge: Dodged            |    38 |    15 ||    53
Block: Shield            |     9 |    68 ||    77

Levels and vault maps discovered:
D:1:      dpeg_arrival_arbitrary_a, layout_loops_ring
D:2:      layout_rooms, okawaru_metal_pillars_1_2, minmay_pentomino_v2
D:3:      layout_basic, nicolae_overflow_crystal_walls,
          chequers_ecumenical_altar_lobes, first_ration,
          nicolae_tso_swordbearing_angel, uniq_ijyb, uniq_sigmund
D:4:      layout_loops_ring, uniq_edmund, uniq_blork_the_orc

Table legend:
 A = Turns spent in this place as a percentage of turns spent in the entire game.
 B = Non-inter-level travel turns spent in this place as a percentage of non-inter-level travel turns spent in the entire game.
 C = Inter-level travel turns spent in this place as a percentage of turns spent in this place.
 D = Turns resting spent in this place as a percentage of non-inter-level travel turns spent in this place.
 E = Turns spent auto-exploring this place as a percentage of non-inter-level travel turns spent in this place.
 F = Non-inter-level travel turns spent in this place divided by the number of levels of this place that you've seen.
                   A       B       C       D       E      F
               +-------+-------+-------+-------+-------+----------------------
         Total | 100.0 | 100.0 |   5.5 |  14.4 |  57.9 | 645.0
       Dungeon | 100.0 | 100.0 |   5.5 |  14.4 |  57.9 | 645.0
               +-------+-------+-------+-------+-------+----------------------

Table legend:
 A = Kills in this place as a percentage of kills in entire the game.
 B = Kills by you in this place as a percentage of kills by you in the entire game.
 C = Kills by friends in this place as a percentage of kills by friends in the entire game.
 D = Other kills in this place as a percentage of other kills in the entire game.
 E = Experience gained in this place as a percentage of experience gained in the entire game.
 F = Experience gained in this place divided by the number of levels of this place that you have seen.
                   A       B       C       D       E      F
               +-------+-------+-------+-------+-------+----------------------
         Total | 100.0 | 100.0 |   N/A |   N/A | 100.0 | 112.5
       Dungeon | 100.0 | 100.0 |   N/A |   N/A | 100.0 | 112.5
               +-------+-------+-------+-------+-------+----------------------
